 Dungeon Crawl Stone Soup version 0.27.1-34-g3ba077fa99 (webtiles) character file.

Game seed: 10311419288659759944

45070 growler the Stormcaller (level 14, -1/91 HPs)
             Began as a Tengu Air Elementalist on Jan 27, 2022.
             Was a High Priest of Vehumet.
             Slain by a sea snake (13 damage)
             ... on level 6 of the Lair of Beasts.
             The game lasted 00:54:18 (33270 turns).

growler the Stormcaller (Tengu Air Elementalist)   Turns: 33270, Time: 00:54:19

Health: -1/91      AC:  3    Str:  8    XL:     14   Next: 31%
Magic:  3/25       EV: 22    Int: 27    God:    Vehumet [*****.]
Gold:   1264       SH:  0    Dex: 15    Spells: 14/27 levels left

rFire    . . .     SeeInvis .   (no weapon)
rCold    . . .     Faith    .   (no shield)
rNeg     . . .     Spirit   .   a - +0 robe
rPois    +         Reflect  .   (helmet restricted)
rElec    .         Harm     .   (no cloak)
rCorr    .         Rampage  .   g - +0 pair of gloves
Will     +....                  (boots unavailable)
Stlth    ++........             f - amulet of the acrobat
HPRegen  0.25/turn              M - +6 ring of intelligence
MPRegen  0.19/turn              E - ring of poison resistance

@: flying quickly and evasively, quick
A: beak, talons 3, nimble flight
a: Renounce Religion


You were on level 6 of the Lair of Beasts.
You worshipped Vehumet.
Vehumet was extremely pleased with you.
You visited 3 branches of the dungeon, and saw 18 of its levels.

You collected 1264 gold pieces.

Inventory:

Missiles
 I - a throwing net {!f}
Armour
 a - a +0 robe (worn)
 g - a +0 pair of gloves (worn)
   (You found it on level 1 of the Dungeon)
 i - a scarf of invisibility
   (You found it on level 2 of the Dungeon)
Jewellery
 b - a ring of resist corrosion
   (You found it on level 1 of the Dungeon)
 f - an amulet of the acrobat (around neck)
   (You found it on level 4 of the Dungeon)
 p - a ring of wizardry
   (You found it on level 3 of the Dungeon)
 z - a ring of see invisible
   (You found it on level 5 of the Lair of Beasts)
 E - a ring of poison resistance (right hand)
   (You found it on level 10 of the Dungeon)
 J - the amulet "Niesos" {Harm Regen+ rCorr Str+2 Slay+3}
   (You found it on level 8 of the Dungeon)

   [amulet of regeneration]

   Str:       It affects your strength (+2).
   Slay:      It affects your accuracy & damage with ranged weapons and melee
   (+3).
   Regen:     It increases your rate of health regeneration.
   rCorr:     It protects you from acid and corrosion.
   Harm:      It increases damage dealt and taken.
 M - a +6 ring of intelligence (left hand)
   (You found it on level 1 of the Lair of Beasts)
 S - a ring of magical power
   (You found it on level 1 of the Lair of Beasts)
Wands
 d - a wand of iceblast (4)
   (You found it on level 5 of the Dungeon)
 t - a wand of flame (3)
   (You found it on level 4 of the Dungeon)
 u - a wand of paralysis (8)
   (You found it on level 2 of the Lair of Beasts)
 x - a wand of acid (9)
   (You found it on level 2 of the Dungeon)
 F - a wand of polymorph (27)
   (You found it on level 7 of the Dungeon)
 L - a wand of mindburst (15)
   (You found it on level 9 of the Dungeon)
 W - a wand of charming (7)
   (You found it on level 4 of the Lair of Beasts)
Scrolls
 h - 4 scrolls of amnesia
 j - 3 scrolls of immolation {!r}
 k - 2 scrolls of holy word
 l - a scroll of fear {unknown}
 n - a scroll of torment {unknown}
 o - 4 scrolls of vulnerability {unknown}
 r - 2 scrolls of noise {!r}
 s - a scroll of brand weapon
 y - a scroll of magic mapping
 H - a scroll of acquirement {unknown}
 N - 2 scrolls of enchant armour {unknown}
 O - 3 scrolls of enchant weapon
 Q - a scroll of blinking {unknown}
 T - 12 scrolls of teleportation {@r4}
 V - a scroll of summoning {unknown}
 X - 2 scrolls of fog {unknown}
 Z - a scroll of identify {@r1}
Potions
 c - a potion of mutation {!q}
 e - 3 potions of degeneration {!q}
 m - 5 potions of curing {@q1}
 q - 3 potions of haste {unknown}
 v - 2 potions of magic {unknown}
 w - a potion of brilliance
 A - 2 potions of flight
 B - a potion of attraction {unknown}
 C - 3 potions of heal wounds {unknown}
 D - 2 potions of lignification {!q}
 G - 2 potions of cancellation {unknown}
 K - a potion of berserk rage {unknown}
 P - a potion of ambrosia
 R - a potion of invisibility
 Y - 4 potions of might {unknown}
Miscellaneous
 U - a piece from Xom's chessboard (15/15)
   (You found it on level 2 of the Lair of Beasts)


   Skills:
 + Level 11.9 Fighting
 + Level 13.0 Dodging
 - Level 2.0 Stealth
 - Level 7.0 Spellcasting
 - Level 9.0 Conjurations
 + Level 18.3 Air Magic


You had 14 spell levels left.
You knew the following spells:

 Your Spells              Type           Power      Damage    Failure   Level
a - Shock                 Conj/Air       100%       1d9       0%          1
b - Airstrike             Air            41%        N/A       1%          4
d - Static Discharge      Conj/Air       70%        N/A       1%          2
f - Mephitic Cloud        Conj/Pois/Air  55%        N/A       1%          3
s - Swiftness             Air            83%        N/A       0%          3

Your spell library contained the following spells:

 Spells                   Type           Power      Damage    Failure   Level
 Orb of Destruction       Conj           27%        9d11      30%         7
 Poisonous Vapours        Pois/Air       100%       N/A       1%          2
 Sticky Flame             Conj/Fire      33%        2d5       2%          4
 Apportation              Tloc           18%        N/A       6%          1
 Sting                    Tmut/Pois      36%        1d4       6%          1
 Slow                     Hex            9%         N/A       9%          2
 Olgreb's Toxic Radiance  Pois           9%         N/A       16%         4
 Confusing Touch          Hex            9%         N/A       17%         3
 Vampiric Draining        Necr           4%         2d6       17%         3
 Cause Fear               Hex            4%         N/A       50%         4
 Dispel Undead            Necr           9%         3d8       50%         4
 Alistair's Intoxication  Tmut/Pois      6%         N/A       85%         5
 Metabolic Englaciation   Hex/Ice        4%         N/A       85%         5
 Summon Forest            Summ/Tloc      4%         N/A       85%         5
 Summon Mana Viper        Hex/Summ       9%         N/A       85%         5
 Eringya's Noxious Bog    Tmut/Pois      4%         N/A       88%         6
 Invisibility             Hex            4%         N/A       100%        6
 Dragon Form              Tmut           4%         N/A       100%        7
 Summon Hydra             Summ           4%         N/A       100%        7
 Dragon's Call            Summ           4%         N/A       100%        9


Dungeon Overview and Level Annotations

Branches:
Dungeon (11/15)            Temple (1/1) D:6            Lair (6/6) D:10
 Shoals (0/4) Lair:2       Spider (0/4) Lair:4        Slime (0/5) Lair:6
    Orc (0/2) D:9

Altars:
Ashenzari
Cheibriados
Dithmenos
Elyvilon
Fedhas
Gozag
Hepliaklqana
Kikubaaqudgha
Makhleb
Nemelex Xobeh
Okawaru
Qazlal
Ru
Sif Muna
Trog
Uskayaw
Vehumet
Wu Jian
Xom
Yredelemnul
Zin
The Shining One

Shops:
D:6 :

Annotations:
D:4 Sigmund
D:5 3 runed translucent doors, JJisdabomb's ghost, weakling GnDe; Menkaure
D:7 2 transporters, DrStoges's ghost, novice DjSu
Lair:1 Gastronok
Lair:2 1 runed translucent door, pkoi's ghost, journeyman DrCj
Lair:5 2 transporters


Innate Abilities, Weirdness & Mutations

You have a beak for a mouth.
You have claws for feet.
Your magical nature lets you fly swiftly and evasively.


Message History

The air twists around and strikes the sea snake!
You kill the sea snake!
Vehumet accepts your kill. The sea snake completely misses you.
Aim: a sea snake (lightly wounded)
The air twists around and strikes the sea snake!!
The sea snake bites you but does no damage.
The sea snake completely misses you.
You're wearing all the rings you can.
Remove which one? (? for menu, Esc to cancel) < or
M - a +6 ring of intelligence; > or
S - a ring of magical power You remove your ring of magical power.
You feel your magic capacity decrease.
E - a ring of poison resistance (right hand)
The sea snake misses you.
A harpy comes into view.
The harpy moves out of view.
The sea snake is struck by an arc of lightning.
You are struck by an arc of lightning.
The sea snake is struck by an arc of lightning.
The lightning grounds out.
The sea snake bites you!
* * * LOW HITPOINT WARNING * * *
The sea snake completely misses you.
You see here 26 stones.
The sea snake barely misses you. The sea snake completely misses you.
An elephant comes into view.
An elephant comes into view.
Found 13 gold pieces.
The elephant trumpets! x2; You hear a trumpeting! x2
You see here an elephant skeleton.
You see here a manticore skeleton.
The sea snake completely misses you.
Aim: a sea snake (moderately wounded)
The air twists around and strikes the sea snake!!
The sea snake bites you.
* * * LOW HITPOINT WARNING * * *
The sea snake bites you.
* * * LOW HITPOINT WARNING * * *
That beam is likely to hit you.
Continue anyway?
Okay, then.
The mass of ice explodes!
The iceblast engulfs the sea snake!
You hear a shout!
The sea snake barely misses you.
The mass of ice explodes!
The iceblast engulfs the elephant.
The iceblast engulfs the sea snake.
The sea snake bites you!!
* * * LOW HITPOINT WARNING * * *
The sea snake bites you!!
* * * LOW HITPOINT WARNING * * *
You feel better. The sea snake bites you!
You die...

...Y.#.....#.÷.....P..# #....#.#
....#.....##......PP..###......#
...P.Y..÷#.#.....###...###....##
....#..####.....# .#.##.....##
...........#...Y.# ##.###....#..
.................###..###.......
...............Y....#.##.P...#.#
...≈.≈≈≈.......S................
#P≈≈##.≈##≈....@........(.....##
#≈≈≈#≈≈≈#≈≈...................##
≈..≈.≈≈≈≈≈≈...................##
≈≈≈≈≈≈≈......#...#........(..
####≈##≈.....####..##........ ≈≈
#≈....#####............ .≈≈....
##....###......#
.≈≈.....#.....##......##
...........##[.....#.


You could see 2 elephants and a sea snake.

Vanquished Creatures
  6 hydras
  A centaur warrior (D:11)
  6 death yaks
  A two-headed ogre (D:10)
  Sonja (D:10)
  A sea snake (Lair:6)
  A harpy (Lair:6)
  4 oklob plants
  A manticore (Lair:6)
  4 centaur zombies
  A merfolk siren (Lair:2)
  10 elephants
  4 black mambas
  10 cane toads
  12 komodo dragons
  5 rime drakes
  A kobold demonologist (D:9)
  2 ice devils (D:11)
  2 trolls (D:10)
  A jumping spider (Lair:4)
  A hornet (Lair:6)
  A slime creature (Lair:6)
  4 dream sheep (Lair:6)
  4 blink frogs (Lair:5)
  A wraith (D:11)
  9 wyverns
  A shadow (D:11)
  4 basilisks
  41 yaks
  3 vampire mosquitoes (D:7)
  A warg (Lair:1)
  2 acid dragons
  18 water moccasins
  Duvessa (D:5)
  2 sky beasts
  A black bear (Lair:4)
  3 orc warriors
  An ice beast (D:8)
  4 ogres
  17 wolves
  A phantom (D:5)
  7 centaurs
  2 kobold brigands
  9 bullfrogs
  Dowan (D:5)
  13 killer bees
  3 wights (D:8)
  3 hounds
  3 jellies (Lair:6)
  2 bullfrog skeletons
  An orc priest (D:11)
  An iron imp (D:8)
  An iguana (D:7)
  6 orc wizards
  14 hell rats
  2 killer bee zombies
  A hound skeleton (D:4)
  2 howler monkey zombies
  A howler monkey skeleton (D:7)
  8 adders
  3 white imps
  An ufetubus (D:5)
  2 worms (D:3)
  2 dart slugs (D:4)
  21 orcs
  15 endoplasms
  5 giant cockroaches
  6 goblins
  7 hobgoblins
  12 jackals
  6 quokkas
  7 ball pythons
  9 bats
  A frilled lizard (D:1)
  A goblin skeleton (D:8)
  A goblin zombie (D:8)
  4 hobgoblin zombies (D:8)
  12 kobolds
  3 kobold zombies (D:8)
  2 rats
394 creatures vanquished.

Vanquished Creatures (others)
  80 fungi
  83 plants
163 creatures vanquished.

Grand Total: 557 creatures vanquished

Notes
Turn   | Place    | Note
-------+----------+-------------------------------------------
     0 | D:1      | growler the Tengu Air Elementalist began the quest for the
                  | Orb.
     0 | D:1      | Reached XP level 1. HP: 10/10 MP: 4/4
   229 | D:1      | Reached XP level 2. HP: 15/15 MP: 1/6
   299 | D:1      | Learned a level 2 spell: Static Discharge
   826 | D:1      | Reached XP level 3. HP: 19/19 MP: 5/7
   830 | D:1      | Learned a level 3 spell: Swiftness
   857 | D:1      | Found a faded altar of an unknown god.
  1874 | D:2      | Reached XP level 4. HP: 21/24 MP: 1/9
  1995 | D:2      | Reached skill level 5 in Air Magic
  2685 | D:3      | Noticed an ogre
  2730 | D:3      | Killed an ogre
  2731 | D:3      | Gained mutation: Your magical nature lets you fly swiftly
                  | and evasively. [Tengu growth]
  2731 | D:3      | Reached XP level 5. HP: 4/28 MP: 3/11
  4027 | D:4      | Found a shimmering blue altar of Sif Muna.
  4039 | D:4      | Noticed Sigmund
  4300 | D:4      | Found a white marble altar of Elyvilon.
  4306 | D:4      | Reached XP level 6. HP: 31/32 MP: 7/12
  4387 | D:4      | Reached skill level 6 in Air Magic
  4873 | D:4      | Learned a level 4 spell: Airstrike
  4886 | D:5      | Entered Level 5 of the Dungeon
  5031 | D:5      | Found a runed translucent gate.
  5032 | D:5      | Found a runed translucent gate.
  5033 | D:5      | Found a runed translucent gate.
  5108 | D:5      | Noticed JJisdabomb's ghost (weakling GnDe)
  5254 | D:5      | Noticed Menkaure
  5278 | D:5      | HP: 1/32 [Menkaure/nerve-wracking pain (10)]
  5628 | D:5      | Reached skill level 5 in Conjurations
  6030 | D:5      | Reached XP level 7. HP: 36/36 MP: 5/14
  6055 | D:5      | Noticed Duvessa
  6118 | D:5      | Noticed Dowan
  6146 | D:5      | Killed Dowan
  6267 | D:5      | Killed Duvessa
  6268 | D:5      | Reached skill level 7 in Air Magic
  6811 | D:6      | Reached skill level 5 in Spellcasting
  6811 | D:6      | Reached XP level 8. HP: 41/41 MP: 3/16
  6929 | D:6      | Reached skill level 8 in Air Magic
  7048 | D:6      | Found a staircase to the Ecumenical Temple.
  7057 | D:6      | Found Qemum's Self-Improvement Boutique.
  7304 | Temple   | Entered the Ecumenical Temple
  7475 | Temple   | Became a worshipper of Vehumet
  7531 | D:6      | Reached skill level 9 in Air Magic
  7990 | D:7      | Identified the +0 chain mail of Instinct {Rampage}
  8053 | D:7      | Found a transporter.
  8054 | D:7      | You are sucked into a shaft and drop 2 floors!
  8062 | D:9      | Noticed a wyvern
  8065 | D:9      | Killed a wyvern
  8177 | D:8      | Reached skill level 10 in Air Magic
  8395 | D:8      | Reached XP level 9. HP: 42/45 MP: 12/17
  8868 | D:8      | Reached skill level 11 in Air Magic
  9309 | D:8      | Identified the amulet "Niesos" {Harm Regen+ rCorr Str+2
                  | Slay+3}
  9351 | D:8      | Found a glowing golden altar of the Shining One.
  9506 | D:8      | Found a shimmering altar of Xom.
  9596 | D:8      | Reached * piety under Vehumet
  9596 | D:8      | Offered knowledge of Foxfire by Vehumet.
  9954 | D:8      | Reached skill level 12 in Air Magic
 10498 | D:7      | Found a transporter.
 10505 | D:7      | Found a burning altar of Makhleb.
 10515 | D:7      | Noticed a moth of wrath
 10515 | D:7      | Noticed DrStoges's ghost (novice DjSu)
 10516 | D:7      | Found a bloodstained altar of Trog.
 10517 | D:7      | Noticed a two-headed ogre
 10780 | D:7      | Reached skill level 13 in Air Magic
 11620 | D:9      | Reached skill level 14 in Air Magic
 11620 | D:9      | Reached XP level 10. HP: 50/50 MP: 13/18
 11930 | D:9      | Reached ** piety under Vehumet
 11938 | D:9      | Offered knowledge of Freeze by Vehumet.
 12184 | D:9      | Found an iron altar of Okawaru.
 12184 | D:9      | Found a hide-covered altar of Uskayaw.
 12205 | D:9      | Found a staircase to the Orcish Mines.
 12469 | D:9      | Found a bloodstained altar of Trog.
 12482 | D:9      | Noticed a kobold demonologist
 12486 | D:9      | Killed a kobold demonologist
 12614 | D:9      | Reached skill level 15 in Air Magic
 12878 | D:9      | Found a bloodstained altar of Trog.
 13103 | D:10     | Entered Level 10 of the Dungeon
 13163 | D:10     | Reached skill level 1 in Fighting
 13277 | D:10     | Noticed Sonja
 13279 | D:10     | Killed Sonja
 13335 | D:10     | Found an ancient bone altar of Kikubaaqudgha.
 13399 | D:10     | Noticed a two-headed ogre
 13760 | D:10     | Killed a two-headed ogre
 14481 | D:10     | Reached skill level 5 in Dodging
 14591 | D:10     | Reached XP level 11. HP: 59/61 MP: 2/19
 14930 | D:10     | Found a staircase to the Lair.
 14979 | D:10     | Reached skill level 16 in Air Magic
 15583 | D:11     | Noticed a centaur warrior
 15587 | D:11     | Killed a centaur warrior
 15588 | D:11     | Reached skill level 5 in Fighting
 16727 | D:11     | Noticed a purple ugly thing
 17453 | D:11     | Noticed a seven-headed hydra
 17463 | D:11     | Killed a seven-headed hydra
 18787 | Lair:1   | Entered Level 1 of the Lair of Beasts
 19210 | Lair:1   | You are sucked into a shaft and drop 1 floor!
 19331 | Lair:1   | Noticed Gastronok
 19399 | Lair:1   | Offered knowledge of Frozen Ramparts by Vehumet.
 19703 | Lair:1   | Reached XP level 12. HP: 72/72 MP: 7/20
 19797 | Lair:1   | Noticed an eight-headed hydra
 19803 | Lair:1   | Reached skill level 17 in Air Magic
 19831 | Lair:1   | Killed an eight-headed hydra
 20774 | Lair:1   | Got the Reference Book on Enchantment
 20798 | Lair:1   | Noticed a seven-headed hydra
 20883 | Lair:1   | Killed a seven-headed hydra
 20883 | Lair:1   | Reached *** piety under Vehumet
 21652 | Lair:2   | Found a runed translucent door.
 21652 | Lair:2   | Noticed pkoi's ghost (journeyman DrCj)
 21708 | Lair:2   | Found a staircase to the Shoals.
 23179 | Lair:3   | Identified the +3 scale mail of Iviletoy {rPois rF- Will+
                  | SInv}
 23223 | Lair:3   | Offered knowledge of Conjure Flame by Vehumet.
 23666 | Lair:3   | Reached skill level 10 in Dodging
 23743 | Lair:3   | Reached skill level 18 in Air Magic
 24830 | Lair:4   | Reached XP level 13. HP: 80/80 MP: 20/21
 24952 | Lair:4   | Found a hole to the Spider Nest.
 25031 | Lair:4   | Reached **** piety under Vehumet
 26684 | Lair:4   | Reached skill level 10 in Fighting
 26990 | Lair:4   | Offered knowledge of Mephitic Cloud by Vehumet.
 27053 | Lair:4   | Learned a level 3 spell: Mephitic Cloud
 27359 | Lair:5   | Found a transporter.
 27781 | Lair:5   | Found a transporter.
 30454 | Lair:4   | Found a hole to the Spider Nest.
 31236 | Lair:4   | Found a hole to the Spider Nest.
 31438 | Lair:4   | Reached XP level 14. HP: 90/90 MP: 15/25
 31840 | Lair:6   | Entered Level 6 of the Lair of Beasts
 32501 | Lair:6   | Found a staircase to the Slime Pits.
 33037 | Lair:6   | Reached ***** piety under Vehumet
 33197 | Lair:6   | Offered knowledge of Orb of Destruction by Vehumet.
 33269 | Lair:6   | HP: 1/91 [sea snake (19)]
 33270 | Lair:6   | Slain by a sea snake

Illustrated notes

Levels and vault maps discovered:
D:1:      wander_arrival_desolate, layout_loops_ring,
          dilly_ecumenical_altar_fadedgnrine, minmay_misc_feat_tiny,
          due_unseen_surprise
D:2:      layout_rooms, serial_aquarium, aquarium_bridge_island_large
          [aquarium_subvault_large_4_pools, aquarium_subvault_bridge,
          aquarium_subvault_wall, aquarium_subvault_window,
          aquarium_subvault_wall], aquarium_bridge_square
          [aquarium_subvault_bridge, aquarium_subvault_bridge,
          aquarium_subvault_window, aquarium_subvault_wall], aquarium_window_1,
          aquarium_window_corner, aquarium_view_2a, aquarium_balcony_1a
D:3:      layout_loops_ring
D:4:      layout_basic, general_overflow_altar, nicolae_overflow_crystal_walls,
          uniq_sigmund
D:5:      layout_basic, gammafunk_ghost_necromancy, minmay_crystal_water,
          uniq_menkaure, uniq_duvessa
D:6:      layout_rooms, minmay_temple_entry_mist, nicolae_shop_self_help
D:7:      layout_loops_cross, lemuel_doored_altar,
          gammafunk_ghost_wrathful_warriors
D:8:      layout_loops_ring, nicolae_tso_besieged_by_evil, kennysheep_mini
D:9:      layout_loops_corners, gammafunk_temple_overflow_elements, bloody_trog,
          orc_0_dummy, serial_aquarium, aquarium_bridge_straight
          [aquarium_subvault_bridge, aquarium_subvault_window,
          aquarium_subvault_bridge, aquarium_subvault_wall],
          aquarium_bridge_long_separate [aquarium_subvault_bridge,
          aquarium_subvault_wall, aquarium_subvault_wall,
          aquarium_subvault_wall, aquarium_subvault_bridge,
          aquarium_subvault_balcony], aquarium_window_2, aquarium_window_1,
          aquarium_window_corridor_2, aquarium_window_2, aquarium_view_2c,
          aquarium_pool_2, kennysheep_flooded_box
D:10:     layout_grid_maze, nicolae_kikubaaqudgha_miasma_corner,
          erik_lair_dragon, uniq_sonja
D:11:     layout_stronghold, portal_ice_cave_demonic_guard,
          gauntlet_entry_generic
Temple:   oiseaux_autumnal_temple
Lair:1:   beast_lair_carwin_large_2, layout_regular_city, serial_bayou_pond_b,
          infiniplex_staircase_pool, grunt_megastairs_1, lemuel_fruit_tree,
          uniq_gastronok
Lair:2:   layout_chaotic_city, minmay_shoals_entry_lonely_mermaid,
          hellmonk_ghost_happy_afterlife
Lair:3:   layout_gridlike, st_stairs_11
Lair:4:   layout_regular_city, spider_nest_entry_a, minmay_lair_oklob_chamber,
          serial_bayou_shore_b
Lair:5:   gammafunk_worm_tunnel, layout_loops_ring, enter_volcano_1,
          grunt_megastairs_2
Lair:6:   gammafunk_lair_ancient_temple, layout_regular_city,
          minmay_slime_entry_pillars, serial_bayou_pond_e

Skill      XL: |  1  2  3  4  5  6  7  8  9 10 11 12 13 14 |
---------------+-------------------------------------------+-----
Conjurations   | 2 3 4 5 6 9 |  9.0
Air Magic      | 5 6 7 10 14 15 16 18 | 18.3
Spellcasting   | 3 4 5 7 |  7.0
Fighting       | 4 7 9 11 | 11.9
Dodging        | 5 8 10 12 13 | 13.0
Stealth        | |  2.0

Action                   |  1- 3 |  4- 6 |  7- 9 | 10-12 | 13-15 || total
-------------------------+-------+-------+-------+-------+-------++-------
Melee: Unarmed           |    13 |     2 |    14 |    23 |     9 ||    61
       Kick              |     4 |     2 |     5 |    13 |     3 ||    27
       Peck              |     3 |       |     3 |     5 |     2 ||    13
 Cast: Shock             |    87 |    98 |    42 |       |       ||   227
       Static Discharge  |     2 |    18 |    33 |    93 |   112 ||   258
       Airstrike         |       |     2 |    80 |   245 |   166 ||   493
Evoke: Wand              |       |       |     5 |     3 |     2 ||    10
  Use: Scroll            |       |     3 |     4 |     8 |       ||    15
       Potion            |       |       |       |       |     1 ||     1
Armor: Robe              |     4 |     4 |     6 |    33 |     8 ||    55
Dodge: Dodged            |    13 |    15 |    52 |   152 |   171 ||   403
